 Dungeon Crawl Stone Soup version 0.31-a0-408-gb642c7f9a3 (webtiles) character file.

Game seed: 5513355848743530374

75 Gelion the Changeling (level 4, 0/29 HPs)
             Began as an Octopode Shapeshifter on July 29, 2023.
             Killed by nerve-wracking pain
             ... invoked by an orc priest
              (8 damage)
             ... on level 2 of the Dungeon on July 30, 2023.
             The game lasted 00:03:20 (1434 turns).

Gelion the Changeling (Octopode Shapeshifter)       Turns: 1434, Time: 00:03:21

Health: 0/29       AC:  1    Str: 14    XL:     4   Next: 31%
Magic:  13/13      EV: 13    Int: 10    God:
Gold:   88         SH:  0    Dex: 14    Spells: 3/3 levels left

rFire   . . .        f - +0 dagger
rCold   . . .        (no shield)
rNeg    . . .        (helmet currently unavailable)
rPois   .            i - amulet of magic regeneration
rElec   .            h - ring of magical power
rCorr   .            k - ring of wizardry
SInv    .            (no ring)
Will    .....        (no ring)
Stlth   ++           (no ring)
HPRegen 0.24/turn    (no ring)
MPRegen 0.53/turn    (no ring)
                     (no ring)

%: wizardry (x1)
@: beast-form
A: beast (slay +2), almost no armour, amphibious, 8 rings, camouflage 1,
gelatinous body 1, (nimble swimmer 1), tentacles
a: Begin Untransformation


You were on level 2 of the Dungeon.
You were a hulking beast.
You visited 1 branch of the dungeon, and saw 2 of its levels.

You collected 88 gold pieces.

Inventory:

Hand Weapons
 f - a +0 dagger (weapon)
Jewellery
 h - a ring of magical power (left tentacle)
 i - an amulet of magic regeneration (around mantle)
 k - a ring of wizardry (right tentacle)
Talismans
 b - a beast talisman
Scrolls
 c - 2 scrolls of poison {unknown}
 d - 2 scrolls of amnesia {unknown}
 g - 2 scrolls of identify {unknown}
Potions
 a - a potion of lignification
 e - a potion of curing {unknown}
 j - 2 potions of heal wounds {unknown}
 l - a potion of invisibility {unknown}


   Skills:
 + Level 2.1 Fighting
 - Level 2.0 Dodging
 + Level 3.5 Unarmed Combat
 * Level 3.8 Shapeshifting


You had 3 spell levels left.
You didn't know any spells.
Your spell library was empty.

Dungeon Overview and Level Annotations

Branches:
Dungeon (2/15)

Altars:


Innate Abilities, Weirdness & Mutations

You are a hulking beast.
Your limbs bulge with bestial killing power. (Slay +2)
You cannot wear most types of armour.
You are amphibious.
You can wear up to eight rings at the same time.
Your skin changes colour to match your surroundings (Stealth+).
Your rubbery body absorbs attacks. (AC +1, EV +1)
((You are camouflaged when in or above water. (Stealth+)))
You have tentacles for arms and can constrict up to eight enemies at once.


Message History

The orc priest invokes the aid of Beogh against you.
Beogh smites you!
You hit the orc. You grab the orc.
The orc is severely wounded.
You constrict the orc.
You kill the orc!
The orc priest closely misses you.
Things that are here:
a +0 flail; a +0 club; an orc corpse You hit the orc priest but do no damage.
Your grab misses the orc priest. The orc priest completely misses you.
You barely miss the orc priest. You grab the orc priest.
You constrict the orc priest. The orc priest hits you with a +0 club.
You hit the orc priest but do no damage.
The orc priest is lightly wounded.
You constrict the orc priest, but do no damage.
The orc priest hits you with a +0 club.
You hit the orc priest but do no damage.
The orc priest is lightly wounded.
You constrict the orc priest, but do no damage.
The orc priest misses you.
You hit the orc priest but do no damage.
You squeeze the orc priest, but do no damage.
The orc priest is lightly wounded.
You constrict the orc priest. The orc priest hits you with a +0 club.
You hit the orc priest.
The orc priest is heavily wounded.
You constrict the orc priest. The orc priest misses you.
You hit the orc priest.
The orc priest is almost dead.
You constrict the orc priest, but do no damage.
The orc priest calls down the wrath of Beogh upon you.
Pain shoots through your body!
* * * LOW HITPOINT WARNING * * *
You hit the orc priest but do no damage.
The orc priest is almost dead.
You constrict the orc priest, but do no damage.
The orc priest calls down the wrath of Beogh upon you.
Pain shoots through your body!
You die...

.. #.# .o. ## #o. #..
#o# #..##.## #
#......######.#
###.#...ooh.....#
.........#####..#
###.###..# ..# #
#..#####..#..
#..##........
#............
###..............
..(....#.##..#...#
#.............#...###


You could see an orc priest and an orc.

Vanquished Creatures
  A gnoll (D:1)
  An adder (D:2)
  A worm (D:2)
  2 orcs (D:2)
  6 ball pythons
  6 endoplasms
  5 giant cockroaches
  2 goblins (D:1)
  7 hobgoblins
  3 jackals (D:1)
  A quokka (D:1)
  2 bats (D:1)
  A frilled lizard (D:1)
  2 kobolds (D:1)
  7 rats (D:1)
47 creatures vanquished.

Notes
Turn   | Place    | Note
-------+----------+-------------------------------------------
     0 | D:1      | Gelion the Octopode Shapeshifter began the quest for the
                  | Orb.
     0 | D:1      | Reached XP level 1. HP: 13/13 MP: 1/1
   117 | D:1      | Reached XP level 2. HP: 18/18 MP: 2/2
   232 | D:1      | Reached XP level 3. HP: 16/23 MP: 3/3
  1068 | D:2      | Reached XP level 4. HP: 20/29 MP: 4/4
  1434 | D:2      | Killed from afar by an orc priest

Illustrated notes

Levels and vault maps discovered:
D:1:      dpeg_arrival_three_smaller_balls, layout_basic, minmay_octomino_e4
D:2:      layout_basic, lemuel_flame_loot_1

Skill      XL: |  1  2  3 |
---------------+----------+-----
Fighting       | 2 |  2.1
Dodging        | |  2.0
Unarmed Combat | |  3.5
Shapeshifting  | |  3.8

Action                     |  1- 3 |  4- 6 || total
---------------------------+-------+-------++-------
  Melee: Unarmed           |    33 |       ||    33
         Constrict         |    19 |     4 ||    23
         Tentacles         |    18 |     3 ||    21
         Dagger            |    40 |    15 ||    55
         Punch             |     1 |       ||     1
   Stab: Sleeping          |     7 |     2 ||     9
 Armour: Skin              |     2 |       ||     2
  Dodge: Dodged            |    45 |     8 ||    53

Table legend: (Time is in decaauts)
 A = Elapsed time spent in this place.
 B = Non-inter-level travel time spent in this place.
 C = Inter-level travel time spent in this place.
 D = Time resting spent in this place.
 E = Time spent auto-exploring this place.
 F = Levels seen in this place.
 G = Mean time per level.
                   A        B        C        D        E       F      G
               +--------+--------+--------+--------+--------+-----+--------+
         Total |   1430 |   1422 |      8 |      0 |   1165 |   2 |  715.0 |
       Dungeon |   1430 |   1422 |      8 |      0 |   1165 |   2 |  715.0 |
               +--------+--------+--------+--------+--------+-----+--------+

Top non-repeatable levels by time:
     D:1: 993 daAuts
     D:2: 437 daAuts
